 Dungeon Crawl Stone Soup version 0.29.0-4-gdea44cf6ec (webtiles) character file.

Game seed: 12133597851171709224

19982 qw the Cleaver (level 12, -1/76 HPs)
             Began as a Gargoyle Fighter on Sept 6, 2022.
             Was an Elder of Okawaru.
             Killed from afar by an oklob plant (27 damage)
             ... with a splash of acid
             ... on level 2 of the Lair of Beasts.
             The game lasted 00:05:19 (14099 turns).

qw the Cleaver (Gargoyle Fighter)                  Turns: 14099, Time: 00:05:20

Health: -1/76      AC: 27    Str: 24    XL:     12   Next: 74%
Magic:  19/19      EV: 13    Int: 13    God:    Okawaru [****..]
Gold:   605        SH: 18    Dex: 13    Spells: 11/11 levels left

rFire   . . .      SeeInvis +   p - +4 war axe (spect)
rCold   . . .      Faith    .   x - +0 kite shield
rNeg    + . .      Spirit   .   f - +1 plate armour
rPois   inf        Reflect  +   i - +2 helmet
rElec   +          Harm     .   a - +1 cloak of Jebiovam {Int+3 Dex+4}
rCorr   .          Rampage  .   s - +2 pair of gloves
Will    .....                   (no boots)
Stlth   ..........              o - amulet of reflection
HPRegen 0.22/turn               r - ring of see invisible
MPRegen 0.16/turn               y - +4 ring of evasion

@: heroic, corroded
A: sickness immunity, AC +8, negative energy resistance 1, electricity
resistance, torment resistance 1, petrification resistance
a: Renounce Religion, Heroism, Finesse


You were on level 2 of the Lair of Beasts.
You worshipped Okawaru.
Okawaru was greatly pleased with you.
You visited 2 branches of the dungeon, and saw 13 of its levels.

You collected 957 gold pieces.
You spent 352 gold pieces at shops.


Innate Abilities, Weirdness & Mutations

You are immune to sickness and miasma.
Your stone body is resilient. (AC +8)
You are immune to poison.
You resist negative energy. (rN+)
You are resistant to electric shocks. (rElec)
You are resistant to unholy torment.
You are immune to petrification.


   Skills:
 - Level 9.1(14.1) Fighting
 - Level 12.0(17.0) Axes
 - Level 1.2(6.2) Throwing
 + Level 8.0(13.0) Armour
 - Level 2.0(7.0) Dodging
 - Level 10.0(15.0) Shields
 - Level 10.0 Invocations


You had 11 spell levels left.
You didn't know any spells.
Your spell library was empty.

Inventory:

Hand Weapons
 p - a +4 spectral war axe (weapon)
 z - a +2 hand axe of flaming
Missiles
 t - 7 boomerangs (quivered)
Armour
 a - the +1 cloak of Jebiovam (worn) {Int+3 Dex+4}
   (You acquired it on level 11 of the Dungeon)

   Int:       It affects your intelligence (+3).
   Dex:       It affects your dexterity (+4).
 f - a +1 plate armour (worn)
 i - a +2 helmet (worn)
 s - a +2 pair of gloves (worn)
 x - a +0 kite shield (worn)
Jewellery
 c - a ring of protection from fire
 j - a +6 ring of dexterity
 o - an amulet of reflection (around neck)
 r - a ring of see invisible (left hand)
 y - a +4 ring of evasion (right hand)
Wands
 A - a wand of digging (3)
Scrolls
 k - 4 scrolls of teleportation
 n - 5 scrolls of identify
 v - 3 scrolls of fog
 w - 4 scrolls of blinking
Potions
 b - a potion of magic
 d - 4 potions of might
 e - 3 potions of haste
 g - 7 potions of curing
 h - a potion of cancellation
 q - 2 potions of resistance
 u - 2 potions of attraction

Dungeon Overview and Level Annotations

Branches:
Dungeon (11/15)            Temple (0/1) D:4            Lair (2/5) D:11
 Shoals (0/4) Lair:2       Spider (0/4) Lair:2
    Orc: D:9-12

Altars:
Cheibriados
Gozag
Nemelex Xobeh
Okawaru
Qazlal
Ru
Wu Jian
Xom
Yredelemnul
The Shining One

Shops:
D:2 (   D:8 [

Annotations:
D:8 2 transporters, qw's ghost, novice FoCA


Message History

The acid corrodes you!
13948 ||| FLEEEEING.
You start resting.
HP restored.
You start waiting.
You are no longer corroded.
You feel like a meek peon again.
Done waiting.
The oklob plant spits acid at you.
The splash of acid hits you but does no damage.
14071 ||| INVOKING Heroism.
You gain the combat prowess of a mighty hero.
The oklob plant spits acid at you.
The splash of acid hits you but does no damage.
The acid corrodes you! The oklob plant spits acid at you.
The splash of acid hits you! The oklob plant spits acid at you.
The splash of acid misses you.
The splash of acid hits the fungus!!
The fungus begins to die.
Magic restored.
The oklob plant spits acid at you. The splash of acid misses you.
The splash of acid hits the fungus!!
You are no longer corroded.
A nearby fungus withers and dies.
The oklob plant spits acid at you. The splash of acid hits you!
The acid corrodes you! The oklob plant spits acid at you.
The splash of acid hits you! The oklob plant spits acid at you.
The splash of acid misses you. The oklob plant spits acid at you.
The splash of acid reflects off an invisible shield around you!
The splash of acid hits the oklob plant.
The oklob plant completely resists.
The oklob plant spits acid at you. The splash of acid hits you!
The acid corrodes you! The oklob plant spits acid at you.
The splash of acid hits you!!
You die...

...............#P.P#..)##
..............###.....#.#
..............##.......##
...............###......#
P...#.........###......##
...###........##.......##
..## ###......#.........#
..### ##........PPP......#
....#..#.#P.....@PPP!....##
......######..#..PPP...#..#
......# #......$.....###
........ ##.#.....###..#
........# ######### ..#
......... .# ## ........#
#####P .......# .......
....... .######


You could see an oklob plant.

Vanquished Creatures
  Harold (D:10)
  A two-headed ogre (D:9)
  3 death yaks (D:11)
  Amaemon (Lair:2)
  A cyclops (D:9)
  6 elephants (Lair:2)
  2 cane toads (Lair:1)
  Joseph (D:10)
  An orange demon (Lair:2)
  Maggie (D:10)
  2 unseen horrors (D:10)
  A kobold demonologist (D:9)
  2 komodo dragons (Lair:1)
  A troll (D:11)
  2 hornets
  3 blink frogs (Lair:1)
  A wraith (D:10)
  2 wyverns
  A vampire (D:9)
  18 yaks
  3 vampire mosquitoes (D:11)
  2 steam dragons (D:9)
  An acid dragon (D:9)
  9 water moccasins
  3 ice beasts
  3 orc warriors
  A black bear (Lair:1)
  An ogre (D:6)
  10 centaurs
  A phantom (D:7)
  4 kobold brigands
  12 bullfrogs
  2 gnoll sergeants (D:9)
  7 scorpions
  A necrophage (D:5)
  10 wights
  3 jellies
  11 killer bees
  2 electric eels
  4 howler monkeys
  2 orc priests
  5 hounds
  5 iguanas
  10 orc wizards
  A hell rat (D:10)
  3 gnolls (D:4)
  7 adders
  2 river rats (D:11)
  2 shadow imps (D:7)
  3 white imps
  An ufetubus (D:6)
  2 worms
  5 dart slugs
  27 orcs
  6 ball pythons
  12 endoplasms
  8 giant cockroaches
  7 goblins
  8 hobgoblins
  2 jackals (D:5)
  18 kobolds
  9 quokkas
  5 bats
  7 frilled lizards
  8 rats
306 creatures vanquished.

Vanquished Creatures (others)
  2 howler monkeys (D:8)
  10 fungi
  33 plants
  5 toadstools (D:7)
50 creatures vanquished.

Grand Total: 356 creatures vanquished

Notes
Turn   | Place    | Note
-------+----------+-------------------------------------------
     0 | D:1      | qw the Gargoyle Fighter began the quest for the Orb.
     0 | D:1      | Reached XP level 1. HP: 14/14 MP: 1/1
     0 | D:1      | 0 ||| qw: Version: 0.1-a-108-g9e35731
     0 | D:1      | 0 ||| qw: Game counter: 6324
     0 | D:1      | 0 ||| qw: Always use a shield: true
     0 | D:1      | 0 ||| qw: God list: Okawaru
     0 | D:1      | 0 ||| qw: Allow faded altars: false
     0 | D:1      | 0 ||| qw: Do Orc after D:15 true
     0 | D:1      | 0 ||| qw: Do second Lair branch before Depths: true
     0 | D:1      | 0 ||| qw: Lair rune preference: random
     0 | D:1      | 0 ||| qw: Plans: Normal, Zot, God:TSO, Crypt, Tomb, Zig,
                  | Orb
     0 | D:1      | 0 ||| PLANNING D:1-11
    77 | D:1      | Reached skill level 2 in Axes
   221 | D:1      | Reached XP level 2. HP: 19/19 MP: 2/2
   378 | D:1      | 378 ||| Stepping ~*~*~tactically~*~*~ (stealth).
   379 | D:1      | 379 ||| Stepping ~*~*~tactically~*~*~ (stealth).
   382 | D:1      | Reached skill level 3 in Axes
   430 | D:1      | 430 ||| Stepping ~*~*~tactically~*~*~ (stealth).
   431 | D:1      | 431 ||| Stepping ~*~*~tactically~*~*~ (stealth).
   432 | D:1      | 432 ||| Stepping ~*~*~tactically~*~*~ (stealth).
   463 | D:1      | Reached XP level 3. HP: 23/23 MP: 3/3
   463 | D:1      | 463 ||| DROPPING +0 club.
   548 | D:1      | 548 ||| Stepping ~*~*~tactically~*~*~ (stealth).
   598 | D:1      | 598 ||| Stepping ~*~*~tactically~*~*~ (stealth).
   700 | D:1      | Found a faded altar of an unknown god.
   844 | D:1      | 844 ||| DROPPING orb of light.
   845 | D:1      | 845 ||| READING scroll labelled VOEKOTTOENK.
   846 | D:1      | 846 ||| READING 2 scrolls labelled JATERPH ETWASECS.
   847 | D:1      | 847 ||| READING scroll labelled YMESKE MERIGOL.
   848 | D:1      | 848 ||| READING scroll labelled QOPTOL LEAG.
   849 | D:1      | 849 ||| DROPPING scroll of fear.
   963 | D:2      | 963 ||| Stepping ~*~*~tactically~*~*~ (stealth).
   964 | D:2      | 964 ||| Stepping ~*~*~tactically~*~*~ (stealth).
  1118 | D:2      | Reached XP level 4. HP: 28/28 MP: 4/4
  1147 | D:2      | Reached skill level 4 in Axes
  1208 | D:2      | 1208 ||| Stepping ~*~*~tactically~*~*~ (stealth).
  1209 | D:2      | 1209 ||| Stepping ~*~*~tactically~*~*~ (stealth).
  1211 | D:2      | 1211 ||| Stepping ~*~*~tactically~*~*~ (stealth).
  1366 | D:2      | 1366 ||| Stepping ~*~*~tactically~*~*~ (stealth).
  1367 | D:2      | 1367 ||| Stepping ~*~*~tactically~*~*~ (stealth).
  1391 | D:2      | 1391 ||| READING scroll of enchant weapon.
  1391 | D:2      | 1391 ||| ENCHANTING +1 war axe.
  1461 | D:2      | Found Ecwi's Weapon Shop.
  1468 | D:2      | 1468 ||| SHOPLISTING +2 mace of protection (218 gold, have
                  | 61).
  1739 | D:2      | 1739 ||| UPGRADING to +0 helmet.
  1744 | D:2      | 1744 ||| READING scroll labelled OCSEBA ROMEGE.
  1745 | D:2      | 1745 ||| READING scroll labelled GOJANN XUSID.
  1865 | D:3      | Noticed a scorpion
  1876 | D:3      | Killed a scorpion
  1877 | D:3      | Reached skill level 5 in Axes
  1877 | D:3      | Reached XP level 5. HP: 32/32 MP: 5/5
  1912 | D:3      | 1912 ||| Stepping ~*~*~tactically~*~*~ (stealth).
  2047 | D:3      | 2047 ||| READING scroll of enchant weapon.
  2047 | D:3      | 2047 ||| ENCHANTING +2 war axe.
  2092 | D:3      | 2092 ||| READING scroll of enchant armour.
  2092 | D:3      | 2092 ||| ENCHANTING +0 helmet.
  2321 | D:3      | 2321 ||| READING scroll labelled HONIUXI KUYCYA.
  2322 | D:3      | 2322 ||| READING scroll labelled GEGOCUDDOU.
  2323 | D:3      | 2323 ||| DRINKING 2 fizzy green potions.
  2324 | D:3      | 2324 ||| DROPPING potion of brilliance.
  2465 | D:4      | Reached skill level 1 in Dodging
  2465 | D:4      | Reached XP level 6. HP: 34/38 MP: 6/6
  2508 | D:4      | 2508 ||| Stepping ~*~*~tactically~*~*~ (stealth).
  2611 | D:4      | Found an ornate altar of the Wu Jian Council.
  2617 | D:4      | 2617 ||| Stepping ~*~*~tactically~*~*~ (hiding).
  2619 | D:4      | 2619 ||| Stepping ~*~*~tactically~*~*~ (hiding).
  2665 | D:4      | 2665 ||| FLEEEEING.
  2666 | D:4      | 2666 ||| FLEEEEING.
  2667 | D:4      | 2667 ||| FLEEEEING.
  2668 | D:4      | 2668 ||| FLEEEEING.
  2669 | D:4      | 2669 ||| FLEEEEING.
  2673 | D:4      | 2673 ||| FLEEEEING.
  2674 | D:4      | 2674 ||| FLEEEEING.
  2675 | D:4      | 2675 ||| FLEEEEING.
  2676 | D:4      | 2676 ||| FLEEEEING.
  2677 | D:4      | 2677 ||| FLEEEEING.
  2678 | D:4      | 2678 ||| FLEEEEING.
  2679 | D:4      | 2679 ||| FLEEEEING.
  2680 | D:4      | 2680 ||| FLEEEEING.
  2681 | D:4      | 2681 ||| FLEEEEING.
  2683 | D:4      | 2683 ||| FLEEEEING.
  2684 | D:4      | 2684 ||| FLEEEEING.
  2685 | D:4      | 2685 ||| STAIRDANCE
  2723 | D:3      | 2723 ||| READING scroll labelled GUNLINGITA.
  2724 | D:3      | 2724 ||| READING scroll labelled QAYJEPEQUO.
  2733 | D:4      | 2733 ||| STAIRDANCE
  2839 | D:4      | Found a stormy altar of Qazlal.
  2840 | D:4      | 2840 ||| DROPPING +0 mace.
  2841 | D:4      | Found an iron altar of Okawaru.
  2846 | D:4      | Became a worshipper of Warmaster Okawaru
  2910 | D:4      | Found a staircase to the Ecumenical Temple.
  3063 | D:4      | 3063 ||| Stepping ~*~*~tactically~*~*~ (hiding).
  3104 | D:4      | 3104 ||| Stepping ~*~*~tactically~*~*~ (stealth).
  3117 | D:4      | 3117 ||| Stepping ~*~*~tactically~*~*~ (stealth).
  3128 | D:4      | Reached skill level 6 in Axes
  3128 | D:4      | Reached XP level 7. HP: 37/43 MP: 7/7
  3232 | D:4      | Found a shimmering altar of Xom.
  3390 | D:4      | 3390 ||| UPGRADING to +0 chain mail.
  3400 | D:4      | 3400 ||| DROPPING +0 scale mail.
  3401 | D:4      | 3401 ||| DRINKING 2 glowing cyan potions.
  3402 | D:4      | 3402 ||| DRINKING 2 orange potions.
  3418 | D:5      | Entered Level 5 of the Dungeon
  3647 | D:5      | Reached * piety under Okawaru
  3649 | D:5      | Reached skill level 7 in Axes
  3747 | D:5      | Reached skill level 1 in Invocations
  3863 | D:5      | 3863 ||| Stepping ~*~*~tactically~*~*~ (stealth).
  3864 | D:5      | 3864 ||| Stepping ~*~*~tactically~*~*~ (stealth).
  3870 | D:5      | 3870 ||| Stepping ~*~*~tactically~*~*~ (stealth).
  3872 | D:5      | 3872 ||| Stepping ~*~*~tactically~*~*~ (hiding).
  3875 | D:5      | 3875 ||| Stepping ~*~*~tactically~*~*~ (hiding).
  3876 | D:5      | 3876 ||| Stepping ~*~*~tactically~*~*~ (hiding).
  3878 | D:5      | 3878 ||| INVOKING Heroism.
  3884 | D:5      | 3884 ||| Stepping ~*~*~tactically~*~*~ (stealth).
  3892 | D:5      | Reached XP level 8. HP: 43/48 MP: 7/9
  4198 | D:5      | 4198 ||| UPGRADING to amulet of reflection.
  4203 | D:5      | 4203 ||| UPGRADING to ring of see invisible.
  4204 | D:5      | 4204 ||| READING scroll labelled JORAUDEIQU.
  4205 | D:5      | 4205 ||| READING scroll labelled WONIASI EMPIA.
  4206 | D:5      | 4206 ||| READING scroll labelled JICSEC NIFATOT.
  4307 | D:5      | 4307 ||| READING scroll labelled OVEGIFRIGEW.
  4308 | D:5      | 4308 ||| READING 2 scrolls of identify.
  4308 | D:5      | 4308 ||| IDENTIFYING murky golden potion
  4349 | D:6      | Reached skill level 3 in Invocations
  4362 | D:6      | Found a basalt altar of Yredelemnul.
  4364 | D:6      | Noticed a profane servitor
  4556 | D:6      | Noticed a yak
  4556 | D:6      | Noticed a yak
  4558 | D:6      | Noticed a yak
  4564 | D:6      | 4564 ||| INVOKING Heroism.
  4570 | D:6      | Killed a yak
  4580 | D:6      | Killed a yak
  4586 | D:6      | Killed a yak
  4586 | D:6      | Reached ** piety under Okawaru
  4587 | D:6      | Reached skill level 8 in Axes
  4705 | D:6      | 4705 ||| INVOKING Heroism.
  4783 | D:6      | Reached skill level 6 in Fighting
  4809 | D:6      | Found a glowing golden altar of the Shining One.
  5027 | D:6      | Reached XP level 9. HP: 55/55 MP: 12/12
  5231 | D:6      | Noticed an angel
  5232 | D:6      | 5232 ||| DRINKING 3 fizzy golden potions.
  5233 | D:6      | 5233 ||| READING 2 scrolls of identify.
  5233 | D:6      | 5233 ||| IDENTIFYING metallic yellow potion
  5288 | D:7      | 5288 ||| INVOKING Heroism.
  5298 | D:7      | Reached skill level 9 in Axes
  5299 | D:7      | Reached *** piety under Okawaru
  5426 | D:7      | 5426 ||| INVOKING Heroism.
  5529 | D:7      | 5529 ||| Stepping ~*~*~tactically~*~*~ (hiding).
  5612 | D:7      | Reached skill level 10 in Axes
  5646 | D:7      | Found a sacrificial altar of Ru.
  5675 | D:7      | 5675 ||| INVOKING Heroism.
  5863 | D:7      | 5863 ||| Stepping ~*~*~tactically~*~*~ (stealth).
  5864 | D:7      | 5864 ||| INVOKING Heroism.
  6035 | D:7      | 6035 ||| UPGRADING to +2 pair of gloves.
  6040 | D:7      | 6040 ||| DRINKING 2 coppery potions.
  6144 | D:7      | 6144 ||| READING 2 scrolls of identify.
  6144 | D:7      | 6144 ||| IDENTIFYING green potion
  6145 | D:7      | 6145 ||| DROPPING potion of degeneration.
  6146 | D:7      | 6146 ||| DROPPING potion of berserk rage.
  6199 | D:8      | 6199 ||| Stepping ~*~*~tactically~*~*~ (stealth).
  6205 | D:8      | 6205 ||| INVOKING Heroism.
  6242 | D:8      | Reached skill level 1 in Throwing
  6244 | D:8      | Reached XP level 10. HP: 63/63 MP: 13/13
  6251 | D:8      | Reached **** piety under Okawaru
  6255 | D:8      | 6255 ||| DROPPING +0 flail.
  6269 | D:8      | Found Imiriz's Armour Shop.
  6275 | D:8      | 6275 ||| BUYING +1 chain mail of Altruism {rC+} (352 gold).
  6275 | D:8      | Bought the +1 chain mail of Altruism {rC+} for 352 gold
                  | pieces
  6275 | D:8      | 6275 ||| SHOPLISTING +1 cloak "Ismoun Otuh" {Int+4} (373
                  | gold, have 99).
  6275 | D:8      | 6275 ||| SHOPLISTING +2 plate armour of fire resistance
                  | (600 gold, have 99).
  6275 | D:8      | 6275 ||| SHOPLISTING +8 plate armour of ponderousness (600
                  | gold, have 99).
  6309 | D:8      | 6309 ||| FLEEEEING.
  6311 | D:8      | 6311 ||| FLEEEEING.
  6312 | D:8      | 6312 ||| FLEEEEING.
  6319 | D:8      | 6319 ||| STAIRDANCE
  6353 | D:7      | 6353 ||| UPGRADING to +1 chain mail of Altruism {rC+}.
  6363 | D:7      | 6363 ||| DROPPING +0 chain mail.
  6364 | D:7      | 6364 ||| READING 2 scrolls of identify.
  6364 | D:7      | 6364 ||| IDENTIFYING clear potion
  6380 | D:8      | Received a gift from Okawaru
  6420 | D:8      | Found a snail-covered altar of Cheibriados.
  6444 | D:8      | Noticed qw's ghost (novice FoCA)
  6448 | D:8      | 6448 ||| INVOKING Heroism.
  6451 | D:8      | 6451 ||| Stepping ~*~*~tactically~*~*~ (stealth).
  6454 | D:8      | 6454 ||| Stepping ~*~*~tactically~*~*~ (stealth).
  6459 | D:8      | 6459 ||| Stepping ~*~*~tactically~*~*~ (stealth).
  6603 | D:8      | 6603 ||| INVOKING Heroism.
  6666 | D:8      | Found a transporter.
  6773 | D:8      | Found a transporter.
  6843 | D:8      | Found a sparkling altar of Nemelex Xobeh.
  6843 | D:8      | Found an opulent altar of Gozag.
  6921 | D:8      | 6921 ||| UPGRADING to +0 plate armour.
  6931 | D:8      | 6931 ||| DROPPING +1 chain mail of Altruism {rC+}.
  6932 | D:8      | 6932 ||| READING 3 scrolls of identify.
  6932 | D:8      | 6932 ||| IDENTIFYING puce potion
  6991 | D:9      | 6991 ||| Stepping ~*~*~tactically~*~*~ (hiding).
  7006 | D:9      | Reached skill level 6 in Armour
  7006 | D:9      | Reached skill level 6 in Invocations
  7087 | D:9      | 7087 ||| READING scroll of enchant armour.
  7087 | D:9      | 7087 ||| ENCHANTING +1 helmet.
  7178 | D:9      | 7178 ||| INVOKING Heroism.
  7195 | D:9      | 7195 ||| Stepping ~*~*~tactically~*~*~ (stealth).
  7197 | D:9      | 7197 ||| Stepping ~*~*~tactically~*~*~ (stealth).
  7328 | D:9      | 7328 ||| INVOKING Heroism.
  7438 | D:9      | Noticed a kobold demonologist
  7445 | D:9      | Killed a kobold demonologist
  7446 | D:9      | Noticed a two-headed ogre
  7447 | D:9      | 7447 ||| INVOKING Heroism.
  7451 | D:9      | Killed a two-headed ogre
  7452 | D:9      | Reached XP level 11. HP: 51/68 MP: 13/16
  7462 | D:9      | 7462 ||| Stepping ~*~*~tactically~*~*~ (stealth).
  7463 | D:9      | 7463 ||| Stepping ~*~*~tactically~*~*~ (stealth).
  7467 | D:9      | Reached ***** piety under Okawaru
  7470 | D:9      | 7470 ||| Stepping ~*~*~tactically~*~*~ (stealth).
  7485 | D:9      | 7485 ||| INVOKING Heroism.
  7530 | D:9      | 7530 ||| INVOKING Heroism.
  7558 | D:9      | 7558 ||| Stepping ~*~*~tactically~*~*~ (hiding).
  7558 | D:9      | Noticed a cyclops
  7570 | D:9      | Killed a cyclops
  7617 | D:9      | 7617 ||| FLEEEEING.
  7618 | D:9      | 7618 ||| FLEEEEING.
  7619 | D:9      | 7619 ||| FLEEEEING.
  7743 | D:9      | Found the +6 shillelagh "Devastator" {shatter}
  8065 | D:9      | 8065 ||| UPGRADING to +0 kite shield.
  8075 | D:9      | 8075 ||| DROPPING +0 buckler.
  8076 | D:9      | 8076 ||| DROPPING amulet of the acrobat.
  8077 | D:9      | 8077 ||| UPGRADING to +4 ring of evasion.
  8078 | D:9      | 8078 ||| DROPPING +6 ring of intelligence.
  8079 | D:9      | 8079 ||| DRINKING 2 grey potions.
  8180 | D:9      | 8180 ||| DRINKING 2 black potions.
  8181 | D:9      | 8181 ||| DROPPING potion of ambrosia.
  8182 | D:9      | 8182 ||| DROPPING potion of flight.
  8220 | D:10     | Entered Level 10 of the Dungeon
  8310 | D:10     | 8310 ||| Stepping ~*~*~tactically~*~*~ (stealth).
  8313 | D:10     | Noticed Harold
  8314 | D:10     | 8314 ||| INVOKING Heroism.
  8317 | D:10     | 8317 ||| Stepping ~*~*~tactically~*~*~ (hiding).
  8320 | D:10     | 8320 ||| Stepping ~*~*~tactically~*~*~ (hiding).
  8331 | D:10     | Killed Harold
  8332 | D:10     | Reached skill level 9 in Invocations
  8440 | D:10     | 8440 ||| READING scroll of enchant weapon.
  8440 | D:10     | 8440 ||| ENCHANTING +3 spectral war axe.
  8557 | D:10     | Noticed Joseph
  8558 | D:10     | 8558 ||| Stepping ~*~*~tactically~*~*~ (hiding).
  8564 | D:10     | Killed Joseph
  8565 | D:10     | Reached skill level 6 in Shields
  8610 | D:10     | Noticed Maggie
  8621 | D:10     | Killed Maggie
  8804 | D:10     | 8804 ||| Stepping ~*~*~tactically~*~*~ (stealth).
  8813 | D:10     | 8813 ||| INVOKING Heroism.
  8815 | D:10     | Received a gift from Okawaru
  8875 | D:10     | 8875 ||| DROPPING +3 flail.
  8876 | D:10     | 8876 ||| Stepping ~*~*~tactically~*~*~ (stealth).
  8938 | D:10     | 8938 ||| READING scroll of enchant armour.
  8938 | D:10     | 8938 ||| ENCHANTING +0 plate armour.
  9032 | D:10     | 9032 ||| UPGRADING to scarf of repulsion.
  9037 | D:10     | 9037 ||| READING scroll labelled LANEXK GAUSOTES.
  9103 | D:10     | 9103 ||| READING 5 scrolls of identify.
  9103 | D:10     | 9103 ||| IDENTIFYING emerald potion
  9104 | D:10     | 9104 ||| DROPPING potion of invisibility.
  9164 | D:11     | Found a staircase to the Lair.
  9165 | D:11     | 9165 ||| INVOKING Heroism.
  9169 | D:11     | 9169 ||| STAIRDANCE
  9179 | D:11     | 9179 ||| STAIRDANCE
  9187 | D:11     | Noticed a death yak
  9188 | D:11     | 9188 ||| Stepping ~*~*~tactically~*~*~ (stealth).
  9194 | D:11     | Noticed a death yak
  9195 | D:11     | 9195 ||| INVOKING Finesse.
  9195 | D:11     | Noticed a death yak
  9196 | D:11     | 9196 ||| Stepping ~*~*~tactically~*~*~ (stealth).
  9199 | D:11     | 9199 ||| Stepping ~*~*~tactically~*~*~ (stealth).
  9206 | D:11     | Killed a death yak
  9210 | D:11     | 9210 ||| INVOKING Heroism.
  9216 | D:11     | Killed a death yak
  9223 | D:11     | Killed a death yak
  9224 | D:11     | Reached skill level 9 in Shields
  9319 | D:11     | Reached XP level 12. HP: 73/73 MP: 19/19
  9363 | D:11     | Reached skill level 11 in Axes
  9854 | D:11     | 9854 ||| PLANNING LAIR
  9854 | D:11     | 9854 ||| READING scroll labelled RUGUMA BASEBIO.
  9854 | D:11     | Identified a scroll of acquirement
  9854 | D:11     | 9854 ||| ACQUIRING +1 cloak of Jebiovam {Int+3 Dex+4}
  9854 | D:11     | Acquired the +1 cloak of Jebiovam {Int+3 Dex+4}
  9856 | D:11     | 9856 ||| UPGRADING to +1 cloak of Jebiovam {Int+3 Dex+4}.
  9866 | D:11     | 9866 ||| DROPPING scarf of repulsion.
  9888 | Lair:1   | Entered Level 1 of the Lair of Beasts
  9929 | Lair:1   | 9929 ||| INVOKING Heroism.
 10015 | Lair:1   | 10015 ||| Stepping ~*~*~tactically~*~*~ (stealth).
 10059 | Lair:1   | 10059 ||| INVOKING Heroism.
 10174 | Lair:1   | 10174 ||| INVOKING Heroism.
 10339 | Lair:1   | 10339 ||| INVOKING Heroism.
 10375 | Lair:1   | Identified the +5 ring mail of Wonn {rN+ SInv}
 10649 | Lair:1   | 10649 ||| DROPPING ring of wizardry.
 10672 | Lair:2   | Found a staircase to the Shoals.
 10673 | Lair:2   | 10673 ||| INVOKING Heroism.
 10856 | Lair:2   | Found a hole to the Spider Nest.
 10859 | Lair:2   | Noticed Amaemon
 10860 | Lair:2   | 10860 ||| INVOKING Heroism.
 10870 | Lair:2   | Killed Amaemon
 10871 | Lair:2   | Reached skill level 9 in Fighting
 10894 | Lair:2   | Reached ****** piety under Okawaru
 10913 | Lair:2   | 10913 ||| Stepping ~*~*~tactically~*~*~ (stealth).
 10920 | Lair:2   | 10920 ||| Stepping ~*~*~tactically~*~*~ (stealth).
 10922 | Lair:2   | 10922 ||| Stepping ~*~*~tactically~*~*~ (stealth).
 10924 | Lair:2   | 10924 ||| Stepping ~*~*~tactically~*~*~ (stealth).
 10929 | Lair:2   | 10929 ||| Stepping ~*~*~tactically~*~*~ (stealth).
 10935 | Lair:2   | Received a gift from Okawaru
 10938 | Lair:2   | 10938 ||| Stepping ~*~*~tactically~*~*~ (stealth).
 10955 | Lair:2   | 10955 ||| DROPPING +0 war axe of freezing.
 11004 | Lair:2   | 11004 ||| INVOKING Heroism.
 11005 | Lair:2   | 11005 ||| INVOKING Finesse.
 11015 | Lair:2   | 11015 ||| FLEEEEING.
 11016 | Lair:2   | 11016 ||| FLEEEEING.
 11137 | Lair:2   | 11137 ||| INVOKING Heroism.
 11138 | Lair:2   | 11138 ||| INVOKING Finesse.
 11147 | Lair:2   | HP: 13/76 [oklob plant/splash of acid (17)]
 11148 | Lair:2   | 11148 ||| READING 10 scrolls of teleportation.
 11149 | Lair:2   | 11149 ||| DRINKING 2 potions of heal wounds.
 11465 | Lair:2   | 11465 ||| Stepping ~*~*~tactically~*~*~ (stealth).
 11487 | Lair:2   | Reached skill level 12 in Axes
 11801 | Lair:2   | 11801 ||| INVOKING Heroism.
 11802 | Lair:2   | 11802 ||| INVOKING Finesse.
 11824 | Lair:2   | 11824 ||| READING 9 scrolls of teleportation.
 12168 | Lair:2   | 12168 ||| INVOKING Heroism.
 12169 | Lair:2   | 12169 ||| INVOKING Finesse.
 12182 | Lair:2   | HP: 9/76 [oklob plant/splash of acid (12)]
 12183 | Lair:2   | 12183 ||| READING 8 scrolls of teleportation.
 12184 | Lair:2   | 12184 ||| DRINKING potion of heal wounds.
 12470 | Lair:2   | 12470 ||| INVOKING Heroism.
 12471 | Lair:2   | 12471 ||| INVOKING Finesse.
 12480 | Lair:2   | 12480 ||| FLEEEEING.
 12481 | Lair:2   | 12481 ||| FLEEEEING.
 12482 | Lair:2   | 12482 ||| FLEEEEING.
 12539 | Lair:2   | 12539 ||| INVOKING Heroism.
 12540 | Lair:2   | 12540 ||| INVOKING Finesse.
 12542 | Lair:2   | 12542 ||| DRINKING 2 potions of cancellation.
 12557 | Lair:2   | HP: 6/76 [oklob plant/splash of acid (21)]
 12558 | Lair:2   | 12558 ||| READING 7 scrolls of teleportation.
 12874 | Lair:2   | 12874 ||| FLEEEEING.
 12999 | Lair:2   | 12999 ||| INVOKING Heroism.
 13000 | Lair:2   | 13000 ||| INVOKING Finesse.
 13004 | Lair:2   | HP: 9/76 [oklob plant/splash of acid (22)]
 13005 | Lair:2   | 13005 ||| READING 6 scrolls of teleportation.
 13335 | Lair:2   | 13335 ||| FLEEEEING.
 13455 | Lair:2   | 13455 ||| INVOKING Heroism.
 13458 | Lair:2   | 13458 ||| FLEEEEING.
 13531 | Lair:2   | 13531 ||| INVOKING Heroism.
 13567 | Lair:2   | HP: 6/76 [oklob plant/splash of acid (25)]
 13568 | Lair:2   | 13568 ||| READING 5 scrolls of teleportation.
 13934 | Lair:2   | 13934 ||| INVOKING Heroism.
 13948 | Lair:2   | 13948 ||| FLEEEEING.
 14071 | Lair:2   | 14071 ||| INVOKING Heroism.
 14099 | Lair:2   | Killed from afar by an oklob plant

Levels and vault maps discovered:
D:1:      dpeg_arrival_rhombus, layout_loops_ring,
          dreamdust_ecumenical_altar_angels_and_demons, nrook_mini_backslash,
          minmay_pentomino_u2
D:2:      layout_basic, serial_shops, nicolae_shop_bloodbath_and_beyond,
          chequers_serial_rivers_micro_a, minmay_close_crescents
D:3:      layout_rooms, minmay_misc_feat_alley
D:4:      dreamdust_elfheim, layout_basic, nicolae_wu_jian_wuxing_cycle,
          brannock_xom_greatest_gift, mainiacjoe_overflow_big_doors,
          minmay_temple_entry_junction
D:5:      layout_gridville, feat_on_display
D:6:      layout_loops_ring, grunt_temple_overflow_holy_war
D:7:      layout_cave_pools, nicolae_ru_sacrificial_ziggurat, enter_bailey_4,
          minmay_gold_behind_fungi
D:8:      layout_basic, grunt_temple_overflow_opulence, lemuel_round_altar,
          gammafunk_ghost_arena, serial_shops, nicolae_shop_stone,
          minmay_between
D:9:      minmay_imperfect_grid, layout_irregular_city
D:10:     layout_gridville, hangedman_abyss_or_decor_lesser_grid, uniq_joseph,
          uniq_maggie, uniq_harold
D:11:     layout_irregular_city, dpeg_lair_monsters
Lair:1:   layout_chaotic_city, serial_bayou_lagoon_b, lemuel_fruit_tree
Lair:2:   layout_cave_pods, minmay_shoals_entry_centaurs,
          nicolae_spider_entry_non_spiders, minmay_lair_oklob_bushes,
          serial_bayou_shore_a, serial_bayou_shore_b, uniq_amaemon

Skill      XL: |  1  2  3  4  5  6  7  8  9 10 11 12 |
---------------+-------------------------------------+-----
Axes           | 2 3 5 6 7 8 10 12 | 12.0
Fighting       | 4 6 7 8 9 |  9.1
Dodging        | 1 2 |  2.0
Invocations    | 2 4 7 10 | 10.0
Armour         | 4 7 8 |  8.0
Shields        | 4 5 9 10 | 10.0
Throwing       | 1 |  1.2

Action                   |  1- 3 |  4- 6 |  7- 9 | 10-12 || total
-------------------------+-------+-------+-------+-------++-------
Melee: War axe           |    86 |   139 |   144 |   344 ||   713
Throw: Boomerang         |       |       |     4 |   107 ||   111
Invok: Heroism           |       |       |     8 |    28 ||    36
       Finesse           |       |       |       |     8 ||     8
  Use: Scroll            |     4 |     9 |     7 |    14 ||    34
       Potion            |       |     1 |     4 |     5 ||    10
 Stab: Distracted        |       |       |       |     4 ||     4
Armor: Scale mail        |    39 |    80 |       |       ||   119
       Chain mail        |       |       |    50 |     8 ||    58
       Plate armour      |       |       |       |   152 ||   152
Dodge: Dodged            |    35 |    57 |    29 |    67 ||   188
Block: Buckler           |    13 |    18 |    38 |    38 ||   107
       Reflection        |       |       |     2 |    22 ||    24
       Kite shield       |       |       |       |   148 ||   148

Table legend:
 A = Non-vault XP
 B = Vault XP
 C = Vault XP percentage of total XP
 D = Non-vault monster count
 E = Vault monster count
 F = Vault count percentage of total count
                 A         B        C        D         E       F
            +---------+---------+-------+---------+---------+-------
      Total |   18139 |   10407 |  36.5 |     242 |      64 |  20.9
            +---------+---------+-------+---------+---------+-------
        D:1 |      42 |       0 |   0.0 |      24 |       0 |   0.0
        D:2 |      56 |      21 |  27.3 |      19 |       4 |  17.4
        D:3 |     177 |       0 |   0.0 |      19 |       0 |   0.0
        D:4 |     368 |       0 |   0.0 |      31 |       0 |   0.0
        D:5 |     551 |       0 |   0.0 |      16 |       0 |   0.0
        D:6 |    1165 |       0 |   0.0 |      12 |       0 |   0.0
        D:7 |    2133 |      12 |   0.6 |      28 |       5 |  15.2
        D:8 |    1667 |      49 |   2.9 |      23 |       3 |  11.5
        D:9 |    1027 |    4254 |  80.6 |      12 |      24 |  66.7
       D:10 |    2500 |    1783 |  41.6 |      20 |       6 |  23.1
       D:11 |    1064 |    2461 |  69.8 |       6 |       8 |  57.1
     Lair:1 |    3359 |       0 |   0.0 |      16 |       0 |   0.0
     Lair:2 |    4030 |    1827 |  31.2 |      16 |      14 |  46.7
            +---------+---------+-------+---------+---------+-------
